 Dungeon Crawl Stone Soup version 0.31-a0-986-g5e6e4ef867 (webtiles) character file.

Game seed: 9405986942823938850

311703 greenreed the Slayer (level 22, 0/178 HPs)
             Began as a Formicid Fighter on Nov 23, 2023.
             Was the Champion of Hepliaklqana.
             Killed from afar by a tengu reaver (11 damage)
             ... with a bolt of fire
             ... on level 4 of the Vaults.
             The game lasted 01:49:05 (33714 turns).

greenreed the Slayer (Formicid Fighter)            Turns: 33714, Time: 01:49:05

Health: 0/178      AC: 31    Str: 37 (40) XL:     22   Next: 22%
Magic:  42/42      EV:  7    Int:  4 (8)  God:    Hepliaklqana [******]
Gold:   3028       SH: 20    Dex: 12 (13) Spells: 31/35 levels left

rFire   + . .        U - +12 glaive of Prune {freeze, Prune}
rCold   + + .        c - +0 tower shield
rNeg    + + .        f - +0 crystal plate armour
rPois   +            (helmet unavailable)
rElec   .            v - scarf {rC+ rF+}
rCorr   .            b - +2 pair of gloves {hurl}
SInv    +            x - +1 pair of boots "Teamuli" {rN+ Str+5}
Will    ++...        E - amulet of regeneration Stlth
                     m - ring "Semp" {rPois MP+9 Str+3 Stlth+}
HPRegen 1.29/turn    L - ring "Vatostulo" {rC+ rN+ Slay+3}
MPRegen 0.28/turn

%: no passive effects
@: studying Stealth
A: reduced essence, permanent stasis, dig shafts and tunnels, antennae 3, four
strong arms
}: 2/15 runes: decaying, gossamer
a: Dig, Shaft Self, Renounce Religion, Recall Ancestor, Ancestor Identity,
Transference, Idealise


You were on level 4 of the Vaults.
You worshipped Hepliaklqana.
Hepliaklqana was exalted by your worship.
You visited 7 branches of the dungeon, and saw 36 of its levels.
You also visited: Sewer, Gauntlet and Wizlab.

You collected 3574 gold pieces.
You spent 546 gold pieces at shops.

Inventory:

Hand Weapons
 K - a +0 heavy bardiche
 U - the +12 glaive of Prune (weapon) {freeze, Prune}
   (You found it in a Gauntlet)

   Prune:     It halves damage taken while paralysed, petrified or unconscious.
Missiles
 Z - a throwing net
Armour
 b - a +2 pair of gloves of hurling (worn)
 c - a +0 tower shield (worn)
 f - a +0 crystal plate armour (worn)
 v - a scarf of resistance (worn)
 x - the +1 pair of boots "Teamuli" (worn) {rN+ Str+5}
   (You found it on level 15 of the Dungeon)

   Str+5:     It affects your strength (+5).
   rN+:       It protects you from negative energy.
Jewellery
 k - a ring of resist corrosion
 m - the ring "Semp" (left hand) {rPois MP+9 Str+3 Stlth+}
   (You found it on level 3 of the Spider Nest)

   [ring of magical power]

   Str+3:     It affects your strength (+3).
   rPois:     It protects you from poison MP+9: It affects your magic capacity
   (+9).
   Stlth+:    It makes you more stealthy.
 r - a ring of fire
 y - a ring of ice
 A - an amulet of reflection
 E - an amulet of regeneration (around neck)
 H - a +6 ring of strength
 I - a ring of protection from fire
 L - the ring "Vatostulo" (right hand) {rC+ rN+ Slay+3}
   (You found it on level 2 of the Spider Nest)

   [ring of protection from cold]

   Slay+3:    It affects your accuracy & damage with ranged weapons and melee
   (+3).
   rC+:       It protects you from cold.
   rN+:       It protects you from negative energy.
 O - a ring of protection from cold
 V - a ring of flight
Wands
 d - a wand of mindburst (24)
 t - a wand of iceblast (36)
 C - a wand of light (10)
 R - a wand of flame (77)
 S - a wand of paralysis (34)
 Y - a wand of polymorph (7)
Scrolls
 a - 6 scrolls of amnesia
 g - 11 scrolls of poison
 o - 10 scrolls of immolation
 p - 5 scrolls of fear
 s - 3 scrolls of revelation
 u - a scroll of fog
 w - 5 scrolls of silence
 B - 7 scrolls of enchant weapon
 G - 9 scrolls of enchant armour
 N - 4 scrolls of vulnerability
 Q - a scroll of acquirement
 T - 6 scrolls of butterflies
Potions
 e - 15 potions of ambrosia
 h - 4 potions of mutation
 i - 8 potions of might
 j - 4 potions of magic
 l - 4 potions of brilliance
 n - 8 potions of curing
 q - 5 potions of invisibility
 z - 2 potions of resistance
 D - 5 potions of attraction
 F - 5 potions of cancellation
 M - 4 potions of enlightenment
 W - 2 potions of lignification
Miscellaneous
 J - a tin of tremorstones (1/2)
 X - a phantom mirror


   Skills:
 * Level 22.9 Fighting
 * Level 21.2 Polearms
 + Level 16.7 Armour
 + Level 19.3 Shields
 + Level 7.3 Spellcasting
 + Level 6.6 Translocations
 + Level 5.5 Evocations


You had 31 spell levels left.
You knew the following spells:

 Your Spells              Type           Power      Damage    Failure   Level
a - Manifold Assault      Tloc           6%         N/A       91%         4

Your spell library contained the following spells:

 Spells                   Type           Power      Damage    Failure   Level
 Apportation              Tloc           12%        N/A       22%         1
 Lesser Beckoning         Tloc           12%        N/A       32%         2
 Gell's Gravitas          Tloc           6%         N/A       54%         3
 Teleport Other           Tloc           6%         N/A       54%         3
 Momentum Strike          Conj/Tloc      8%         3d8       78%         2
 Necrotise                Necr           4%         1d4       98%         1
 Sandblast                Erth           2%         2d4       98%         1
 Shock                    Conj/Air       4%         1d3       98%         1
 Sting                    Tmut/Pois      4%         1d3       98%         1
 Summon Small Mammal      Summ           4%         N/A       98%         1
 Ensorcelled Hibernation  Hex/Ice        2%         N/A       99%         2
 Jinxbite                 Hex            2%         N/A       99%         2
 Passwall                 Tmut/Erth      0%         N/A       99%         2
 Scorch                   Fire           2%         2d5       99%         2
 Static Discharge         Conj/Air       2%         3-4/arc   99%         2
 Wereblood                Tmut           1%         N/A       99%         2
 Call Canine Familiar     Summ           1%         N/A       100%        3
 Dazzling Flash           Conj/Hex       2%         N/A       100%        3
 Ozocubu's Armour         Ice            1%         N/A       100%        3
 Stone Arrow              Conj/Erth      2%         3d7       100%        3
 Summon Guardian Golem    Hex/Summ       1%         N/A       100%        3
 Vampiric Draining        Necr           1%         2d6       100%        3
 Airstrike                Air            0%         2d(1-17)  100%        4
 Anguish                  Hex/Necr       0%         N/A       100%        4
 Animate Armour           Summ/Erth      2%         N/A       100%        4
 Animate Dead             Necr           1%         N/A       100%        4
 Brom's Barrelling Bould  Conj/Erth      1%         2d3       100%        4
 Cause Fear               Hex            0%         N/A       100%        4
 Flame Wave               Conj/Fire      1%         2d4       100%        4
 Fulminant Prism          Conj/Hex       0%         3d5       100%        4
 Leda's Liquefaction      Hex/Erth       0%         N/A       100%        4
 Olgreb's Toxic Radiance  Pois           1%         N/A       100%        4
 Summon Ice Beast         Ice/Summ       1%         N/A       100%        4
 Summon Lightning Spire   Summ/Air       1%         N/A       100%        4
 Agony                    Necr           1%         N/A       100%        5
 Alistair's Intoxication  Tmut/Pois      0%         N/A       100%        5
 Arcjolt                  Conj/Air       0%         1d10      100%        5
 Borgnjor's Vile Clutch   Necr/Erth      0%         N/A       100%        5
 Fireball                 Conj/Fire      0%         3d3       100%        5
 Irradiate                Conj/Tmut      0%         3d11      100%        5
 Iskenderun's Battlesphe  Conj           1%         2d6       100%        5
 Lee's Rapid Deconstruct  Erth           0%         3d4*      100%        5
 Silence                  Hex/Air        0%         N/A       100%        5
 Summon Mana Viper        Hex/Summ       1%         N/A       100%        5
 Bombard                  Conj/Erth      0%         9d1       100%        6
 Death Channel            Necr           0%         N/A       100%        6
 Dispersal                Tloc           3%         N/A       100%        6
 Eringya's Noxious Bog    Tmut/Pois      0%         4d6       100%        6
 Plasma Beam              Fire/Air       0%         2x1d10    100%        6
 Summon Cactus Giant      Summ           0%         N/A       100%        6
 Enfeeble                 Hex            0%         N/A       100%        7
 Haunt                    Necr/Summ      0%         N/A       100%        7
 Malign Gateway           Summ/Tloc      2%         N/A       100%        7
 Monstrous Menagerie      Summ           0%         N/A       100%        7
 Ozocubu's Refrigeration  Ice            0%         4d7       100%        7
 Spellforged Servitor     Conj/Summ      0%         N/A       100%        7
 Discord                  Hex            0%         N/A       100%        8
 Ignition                 Fire           0%         3d3       100%        8
 Infestation              Necr           0%         N/A       100%        8
 Maxwell's Capacitive Co  Air            0%         ∞         100%        8
 Summon Horrible Things   Summ           0%         N/A       100%        8
 Death's Door             Necr           0%         N/A       100%        9
 Blink                    Tloc           Unusable   N/A       N/A         2
 Swiftness                Air            Unusable   N/A       N/A         3
 Vhi's Electric Charge    Tloc/Air       Unusable   N/A       N/A         4

Dungeon Overview and Level Annotations

Branches:
Dungeon (15/15)            Temple (1/1) D:4            Lair (5/5) D:10
  Swamp (4/4) Lair:3       Spider (4/4) Lair:2        Slime (0/5) Lair:5
    Orc (2/2) D:9             Elf (0/3) Orc:2        Vaults (5/5) D:13
  Crypt (0/3) Vaults:2     Depths (0/4) D:15          Sewer (visited)
 WizLab (visited)         Gauntlet (visited)

Altars:
Ashenzari
Cheibriados
Dithmenos
Elyvilon
Fedhas
Gozag
Hepliaklqana
Kikubaaqudgha
Makhleb
Nemelex Xobeh
Okawaru
Qazlal
Ru
Sif Muna
Trog
Uskayaw
Vehumet
Wu Jian
Xom
Yredelemnul
Zin
The Shining One

Shops:
D:1 (   D:14 [   D:15 (   Orc:1 *   Orc:2 (([=*   Vaults:4 :


Innate Abilities, Weirdness & Mutations

Your life essence is reduced to manifest your ancestor. (-10% HP)
You cannot be hasted, slowed, berserked, paralysed or teleported.
You can dig through walls and to a lower floor.
You have a pair of large antennae on your head. (SInv)
Your four strong arms can wield two-handed weapons with a shield.


Message History

You assume a fearsome visage.
The vault guard resists with some effort.
The tengu reaver looks frightened!
The vault guard resists with almost no effort.
The vault guard looks frightened! x4; You block the vault guard's attack.
The vault guard hits you but does no damage.
A vault guard opens the door.
Unknown command.
Unknown command.
Unknown command.
Unknown command.
You slice the vault guard!! You freeze the vault guard.
You kill the vault guard!
You block the vault guard's attack.
Cornered, the tengu reaver turns to fight!
You slash the vault guard! You freeze the vault guard.
The vault guard is severely wounded.
You slice the vault guard!! You freeze the vault guard.
The vault guard is almost dead.
The vault guard seems to regain its courage.
The vault guard closely misses you.
The vault guard begs, "Please don't kill me!"
The tengu reaver casts a spell at you. The bolt of lightning misses you.
Unknown command.
Cornered, the vault guard turns to fight!
The vault guard seems to regain its courage.
The vault guard hits you with a +0 broad axe.
* * * LOW HITPOINT WARNING * * *
Cornered, the vault guard turns to fight!
Unknown command.
The vault guard attacks as it pursues you!
You block the vault guard's attack.
The vault guard attacks as it pursues you!
The vault guard hits you but does no damage.
The vault guard hits you with a +0 broad axe.
* * * LOW HITPOINT WARNING * * *
The tengu reaver casts a spell at you. The bolt of fire hits you! You resist.
You die...

# ######## ##.....
#########......# ##..<.
........#......######## ##...
..####..#......#......########))#
.#....#.#......#....).#.......)))
.#....#.#......#p..)>.#...#...#..
.#..#.#.#......#pp....'...#...#..
..##..#.#.^....#.Q....#.###...###
......#.'......#@..[..'..........
######..#......'...p..#..p.......
.^......#......#......#.........:
####'######'###########.###...###
........# #.### #...#...#..
####....# #...### #...#...#..
#..#....# #..)..#### #..........
#.##'##.#####).....###########)##
#.'...#[##..'...<..##...........#


You could see a tengu reaver (repels missiles, poisoned) and 4 vault guards.

Vanquished Creatures
  Saint Roka (Vaults:2)
  Nikola (Spider:3)
  Arachne (Spider:4)
  3 sphinxes
  4 deep elf master archers (WizLab)
  Frances (D:12)
  An ancient champion (Vaults:2)
  2 thorn hunters
  Aizul (Swamp:1)
  Kirke (D:12)
  2 tengu reavers
  9 vault wardens
  3 fenstrider witches (WizLab)
  10 emperor scorpions
  6 ghost moths
  2 orc warlords
  3 ghouls (Swamp:4)
  14 ironbound preservers
  2 war gargoyles
  3 broodmothers
  2 formless jellyfish (Vaults:3)
  6 ironbound thunderhulks
  2 green draconians (Swamp:3)
  2 stone giants
  4 eleionomae
  The ghost of Jeffwins the Grappler, a journeyman DrSh of Gozag (Lair:2)
  2 bunyips (Swamp:4)
  16 dire elephants
  Snorg (D:10)
  A minotaur (Gauntlet)
  2 ettins
  3 spark wasps
  A jiangshi (Vaults:2)
  8 yaktaur captains
  An entropy weaver (shapeshifter) (D:13)
  3 entropy weavers
  2 shambling mangroves
  Josephine (D:14)
  6 vault guards
  3 peacekeepers
  4 ghost crabs
  17 hydras
  2 great orbs of eyes (Vaults:4)
  3 ironbound frosthearts
  3 radroaches (Spider:2)
  An ogre mage (D:15)
  A catoblepas (Lair:4)
  2 jorogumos
  A merfolk avatar (Lair:5)
  5 centaur warriors
  9 alligators
  A satyr (WizLab)
  6 death yaks
  6 boulder beetles
  6 two-headed ogres
  2 tengu warriors (D:15)
  2 naga sharpshooters (WizLab)
  7 demonic crawlers
  4 orc high priests (Orc:2)
  2 skysharks
  2 fire crabs (Gauntlet)
  4 pharaoh ants
  A skeletal warrior (D:9)
  A sea snake (Lair:5)
  33 deep trolls
  2 goliath frogs
  4 spriggan druids
  2 glowing orange brains
  12 swamp dragons
  8 orb spiders
  A phantasmal warrior (Vaults:2)
  A deep troll (shapeshifter) (Vaults:4)
  5 arcanists
  5 bog bodies
  An orange crystal statue (Spider:2)
  10 lindwurms
  6 steelbarb worms
  6 orc knights
  The ghost of osoart the Firebug, a novice OpFE of Hepliaklqana (D:8)
  20 ironbound convokers
  Pikel (D:7)
  2 oklob plants (WizLab)
  2 deep elf pyromancers
  4 cyclopes
  2 manticores
  18 ugly things
  14 wolf spiders
  6 fauns (WizLab)
  12 vault sentinels
  3 will-o-the-wisps
  6 moths of wrath
  An ice statue (D:8)
  17 elephants
  4 black mambas
  2 torpor snails
  12 cane toads
  11 komodo dragons
  33 yaktaurs
  Maggie (D:9)
  A kobold demonologist (D:12)
  An efreet (D:14)
  A tengu conjurer (D:13)
  A bloated husk (Swamp:2)
  A polar bear (Lair:5)
  5 trolls
  8 hornets
  7 tyrant leeches
  20 tarantellas
  3 dream sheep (Lair:5)
  13 blink frogs
  A jumping spider (shapeshifter) (D:15)
  14 jumping spiders
  A snapping turtle (Lair:5)
  21 slime creatures
  15 flying skulls (Gauntlet)
  Sigmund (D:2)
  10 culicivoras
  3 vampires
  A shadow (D:11)
  5 spriggans
  47 yaks
  6 fire bats (Gauntlet)
  7 wyverns
  4 basilisks
  2 hogs (D:13)
  Eustachio (D:4)
  6 wraiths
  A steam dragon (D:8)
  18 humans
  44 redbacks
  14 vampire mosquitoes
  20 water moccasins
  5 wargs
  An acid dragon (D:10)
  5 hell hounds (Gauntlet)
  14 swamp worms
  Duvessa (D:6)
  5 swamp drakes
  An ice beast (D:7)
  21 orc warriors
  8 black bears
  11 ogres
  8 wolves
  3 boggarts (Vaults:1)
  7 centaurs
  A kobold brigand (D:10)
  10 bullfrogs
  4 scorpions
  A gnoll sergeant (D:6)
  10 wights
  Dowan (D:6)
  21 killer bees
  5 hexers
  A howler monkey (D:8)
  A spectral centaur (D:9)
  A lava snake (D:13)
  A hound (D:6)
  8 orc priests
  2 jellies (Lair:5)
  Crazy Yiuf (D:6)
  2 iguanas
  Ijyb (D:3)
  Natasha (twice) (D:3)
  16 orc wizards
  4 hell rats (Lair:3)
  3 centaur simulacra
  6 gnolls
  4 adders
  A shadow imp (D:6)
  A white imp (D:8)
  A worm (D:2)
  4 dart slugs
  40 orcs
  3 endoplasms
  4 giant cockroaches
  3 hobgoblins
  A jackal (D:2)
  8 kobolds
  4 quokkas
  5 ball pythons
  7 bats
  2 frilled lizards
  6 goblins
  6 rats
1092 creatures vanquished.

Vanquished Creatures (collateral kills)
  Jorgrun (D:14)
  A thorn hunter (Swamp:2)
  A vault warden (Vaults:2)
  A broodmother (Lair:2)
  An eleionoma (Swamp:2)
  A war gargoyle (Vaults:2)
  An ironbound thunderhulk (Vaults:4)
  2 dire elephants (Vaults:2)
  A fire dragon (D:14)
  An entropy weaver (Vaults:3)
  3 vault guards
  2 great orbs of eyes (Vaults:3)
  A hydra (Lair:3)
  A centaur warrior (WizLab)
  A boulder beetle (D:14)
  A jorogumo (Spider:4)
  A tengu warrior (D:13)
  A two-headed ogre (D:11)
  A demonic crawler (Spider:1)
  A skyshark (Lair:2)
  Lodul (D:13)
  An orb spider (Spider:4)
  3 deep trolls
  A glowing orange brain (Vaults:3)
  2 ironbound convokers
  A steelbarb worm (Spider:4)
  A deep elf pyromancer (D:12)
  3 orc knights (Vaults:3)
  A manticore (D:14)
  A faun (WizLab)
  2 ugly things (Vaults:3)
  Maurice (D:11)
  2 vault sentinels
  4 elephants
  2 cane toads
  3 yaktaurs
  3 trolls
  A queen bee (Lair:1)
  A polar bear (Lair:5)
  3 tarantellas
  2 hornets
  A tyrant leech (Swamp:2)
  7 blink frogs
  A snapping turtle (Lair:5)
  3 dream sheep (Lair:5)
  7 slime creatures
  A culicivora (Spider:3)
  A jumping spider (Spider:4)
  3 yaks
  2 wyverns
  2 vampires
  2 flying skulls (Gauntlet)
  2 spriggans
  2 humans (D:13)
  3 wraiths
  A fire bat (Gauntlet)
  2 hogs (D:13)
  A vampire mosquito (Swamp:4)
  9 redbacks
  A warg (Vaults:2)
  A hell hound (Gauntlet)
  3 water moccasins (Lair:5)
  A swamp drake (Swamp:4)
  A black bear (D:6)
  3 orc warriors
  A bullfrog (Lair:3)
  A gnoll sergeant (D:12)
  3 wights
  9 killer bees
  An orc priest (D:10)
  A jelly (Lair:5)
  5 orc wizards
  An iguana (D:6)
  2 hell rats (Lair:3)
  A centaur simulacrum (D:9)
  A gnoll (D:8)
  An adder (D:6)
  A shadow imp (D:7)
  15 orcs
166 creatures vanquished.

Vanquished Creatures (others)
  A spriggan druid (Swamp:2)
  A tyrant leech (Swamp:4)
  A bloated husk (Swamp:1)
  A human (D:13)
  A vampire mosquito (D:15)
  44 hexers
  2 ancestors
  4 foxfires (Swamp:4)
55 creatures vanquished.

Grand Total: 1313 creatures vanquished

Notes
Turn   | Place    | Note
-------+----------+-------------------------------------------
     0 | D:1      | greenreed the Formicid Fighter began the quest for the Orb.
     0 | D:1      | Reached XP level 1. HP: 18/18 MP: 1/1
    71 | D:1      | Reached XP level 2. HP: 24/24 MP: 2/2
    94 | D:1      | Found a transporter.
    97 | D:1      | Found Qukeg's Weapon Shoppe.
   405 | D:1      | Reached XP level 3. HP: 29/29 MP: 3/3
   802 | D:1      | Found a transporter.
   942 | D:2      | Reached XP level 4. HP: 29/37 MP: 4/4
   953 | D:2      | Reached skill level 4 in Fighting
  1205 | D:2      | Noticed Sigmund
  1216 | D:2      | Killed Sigmund
  1217 | D:2      | Reached skill level 5 in Shields
  1217 | D:2      | Reached XP level 5. HP: 24/43 MP: 5/5
  1217 | D:2      | Reached XP level 6. HP: 28/50 MP: 6/6
  1358 | D:2      | Identified the +0 ring mail "Uditatzi" {rElec rPois Regen+}
  1622 | D:3      | Noticed Natasha
  1632 | D:3      | Killed Natasha
  1633 | D:3      | Reached skill level 5 in Fighting
  1665 | D:3      | Found a blossoming altar of Fedhas.
  1667 | D:3      | Found a hide-covered altar of Uskayaw.
  1670 | D:3      | Found a glowing silver altar of Zin.
  1847 | D:3      | Found a stormy altar of Qazlal.
  1888 | D:3      | Found a faded altar of an unknown god.
  1947 | D:3      | Noticed Natasha
  1959 | D:3      | Killed Natasha
  1988 | D:3      | Noticed Ijyb
  2006 | D:3      | Killed Ijyb
  2228 | D:4      | Noticed Eustachio
  2249 | D:4      | Killed Eustachio
  2250 | D:4      | Reached XP level 7. HP: 19/56 MP: 7/7
  2371 | D:4      | Found a staircase to the Ecumenical Temple.
  2462 | D:4      | Reached skill level 6 in Fighting
  2462 | D:4      | Reached skill level 5 in Polearms
  2477 | Temple   | Entered the Ecumenical Temple
  2482 | Temple   | Became a worshipper of Hepliaklqana the Forgotten
  3149 | D:5      | Entered Level 5 of the Dungeon
  3150 | D:5      | Found a glowing drain.
  3174 | Sewer    | Entered a sewer
  3211 | Sewer    | Noticed a water moccasin
  3231 | Sewer    | Killed a water moccasin
  3232 | Sewer    | Reached skill level 5 in Armour
  3232 | Sewer    | Reached XP level 8. HP: 65/65 MP: 8/8
  3417 | D:5      | Reached * piety under Hepliaklqana
  3540 | D:5      | Reached skill level 7 in Fighting
  3808 | D:6      | Reached XP level 9. HP: 64/64 MP: 9/9
  4014 | D:6      | Noticed Dowan
  4026 | D:6      | Noticed Duvessa
  4035 | D:6      | Killed Duvessa
  4040 | D:6      | Killed Dowan
  4094 | D:6      | Found a runed translucent door.
  4098 | D:6      | Identified the +2 hammer "Erur" {drain, rF+ rN+ Will+}
  4102 | D:6      | Identified the +3 hammer of Eternity {venom, rF++ rN+
                  | Dex+3}
  4104 | D:6      | Noticed Crazy Yiuf
  4129 | D:6      | Killed Crazy Yiuf
  4135 | D:6      | Identified the +7 hammer of Watchfulness {heavy, Will+}
  4350 | D:6      | Found a glowing golden altar of the Shining One.
  4448 | D:7      | Reached skill level 8 in Fighting
  4905 | D:7      | Reached ** piety under Hepliaklqana
  4906 | D:7      | Remembered your ancestor Ramose as a hexer
  4946 | D:7      | Noticed Pikel
  4963 | D:7      | Killed Pikel
  4964 | D:7      | Reached skill level 9 in Fighting
  4964 | D:7      | Reached XP level 10. HP: 66/74 MP: 10/10
  5429 | D:8      | Noticed an ice statue
  5437 | D:8      | Found a transporter.
  5451 | D:8      | Found a transporter.
  5451 | D:8      | Noticed osoart's ghost (novice OpFE)
  5790 | D:8      | Reached *** piety under Hepliaklqana
  6003 | D:9      | Noticed a skeletal warrior
  6183 | D:9      | Reached skill level 10 in Fighting
  6230 | D:9      | Killed a skeletal warrior
  6258 | D:9      | Noticed Maggie
  6268 | D:9      | Killed Maggie
  6318 | D:9      | Found an ornate altar of the Wu Jian Council.
  6354 | D:9      | Identified the orb "Fixkuq" {*channel, -Tele Harm Will+
                  | Str+2}
  6416 | D:9      | Reached XP level 11. HP: 82/82 MP: 11/11
  6536 | D:9      | Found a staircase to the Orcish Mines.
  6559 | D:9      | Identified the +7 dagger of Suczofofu {pain, *Corrode Will+
                  | Str-5 Dex+5}
  6723 | D:10     | Identified the "Reaneb Xuli"
  6723 | D:10     | Entered Level 10 of the Dungeon
  6765 | D:10     | Reached skill level 11 in Fighting
  6825 | D:10     | Reached skill level 10 in Polearms
  7361 | D:10     | Reached **** piety under Hepliaklqana
  7427 | D:10     | Found a staircase to the Lair.
  7427 | D:10     | Noticed an elephant
  7430 | D:10     | Killed an elephant
  7431 | D:10     | Reached skill level 10 in Shields
  7465 | D:10     | Found a shimmering blue altar of Sif Muna.
  7480 | D:10     | Found an ancient bone altar of Kikubaaqudgha.
  7487 | D:10     | Found a radiant altar of Vehumet.
  7677 | D:11     | Noticed a two-headed ogre
  7678 | D:11     | Noticed Snorg
  7684 | D:11     | Noticed a manticore
  7685 | D:11     | Killed a two-headed ogre
  7708 | D:10     | Killed Snorg
  7709 | D:10     | Reached skill level 12 in Fighting
  7781 | D:11     | Killed a manticore
  7854 | D:11     | Reached XP level 12. HP: 74/91 MP: 12/12
  7944 | D:11     | Noticed Maurice
  7954 | D:11     | Killed Maurice
  8135 | D:11     | Found a hide-covered altar of Uskayaw.
  8135 | D:11     | Noticed a +0 falchion
  8136 | D:11     | Noticed a +0 dagger
  8136 | D:11     | Noticed a +0 spear
  8137 | D:11     | Noticed a +0 short sword
  8137 | D:11     | Noticed a +0 spear
  8137 | D:11     | Noticed a +0 dagger
  8137 | D:11     | Noticed a +0 falchion
  8138 | D:11     | Noticed a +0 short sword
  8310 | D:11     | Noticed a two-headed ogre
  8314 | D:11     | Killed a two-headed ogre
  8378 | D:12     | Identified the "Pidoecsu"
  8501 | D:12     | Noticed a tengu reaver
  8501 | D:12     | Noticed an ettin
  8503 | D:12     | Noticed a stone giant
  8505 | D:12     | Found a runed translucent door.
  8578 | D:12     | Noticed a boulder beetle
  8611 | D:12     | Killed a boulder beetle
  8763 | D:12     | Reached ***** piety under Hepliaklqana
  8783 | D:12     | Noticed Frances
  8875 | D:12     | Reached skill level 13 in Fighting
  9149 | D:12     | Killed Frances
  9305 | D:8      | Killed osoart's ghost
  9550 | D:13     | Noticed Lodul
  9550 | D:13     | Noticed a centaur warrior
  9550 | D:13     | Noticed a tengu warrior
  9550 | D:13     | Found a gate to the Vaults.
  9576 | D:13     | Killed a centaur warrior
  9579 | D:13     | Reached XP level 13. HP: 93/99 MP: 13/13
  9723 | D:13     | Reached skill level 10 in Armour
  9774 | D:13     | Noticed Kirke
  9778 | D:13     | Reached skill level 14 in Fighting
  9805 | D:12     | Killed Kirke
  9943 | D:13     | Killed Lodul
 10270 | D:13     | Noticed an entropy weaver
 10285 | D:13     | Killed an entropy weaver
 10551 | D:13     | Identified the +3 war axe "Riexzupn" {flame, rPois rN+
                  | MP+9}
 10786 | Gauntlet | Identified the "Imaur"
 10832 | D:14     | Noticed a fire dragon
 10840 | D:14     | Noticed a six-headed hydra
 10844 | D:14     | Killed a fire dragon
 10849 | D:14     | Killed a six-headed hydra
 10929 | D:14     | Found a gate leading to a gauntlet.
 10988 | Gauntlet | Entered a Gauntlet
 10988 | Gauntlet | Found a transporter.
 10996 | Gauntlet | Found a transporter.
 11000 | Gauntlet | Found a transporter.
 11008 | Gauntlet | Found a transporter.
 11012 | Gauntlet | Found a transporter.
 11016 | Gauntlet | Found a runed translucent door.
 11016 | Gauntlet | Found a runed translucent door.
 11020 | Gauntlet | Found a transporter.
 11024 | Gauntlet | Found a transporter.
 11032 | Gauntlet | Found a transporter.
 11036 | Gauntlet | Found a transporter.
 11044 | Gauntlet | Found a transporter.
 11044 | Gauntlet | Found the +12 glaive of Prune {freeze, Prune}
 11065 | Gauntlet | Found a transporter.
 11077 | Gauntlet | Found a transporter.
 11090 | Gauntlet | Found a transporter.
 11103 | Gauntlet | Found a transporter.
 11221 | Gauntlet | Reached XP level 14. HP: 108/108 MP: 14/14
 11234 | Gauntlet | Reached skill level 15 in Fighting
 11675 | Gauntlet | Noticed a minotaur
 11681 | Gauntlet | Killed a minotaur
 11723 | D:14     | Noticed Josephine
 11729 | D:14     | Killed Josephine
 11767 | D:14     | Identified the +1 spear of Efowniv {venom, rF+ Int+2 Dex+3}
 11899 | D:14     | Noticed Jorgrun
 11908 | D:14     | Killed Jorgrun
 12019 | D:14     | Found Miutirghu's Antique Armour Boutique.
 12022 | D:14     | Bought a tower shield for 103 gold pieces
 12231 | D:15     | Entered Level 15 of the Dungeon
 12381 | D:15     | Identified the +1 robe of the Northern Lights {rPois Int+4
                  | SInv}
 12410 | D:15     | Reached skill level 16 in Fighting
 12506 | D:15     | Identified the +1 pair of boots "Teamuli" {rN+ Str+5}
 12603 | D:15     | Reached XP level 15. HP: 108/117 MP: 15/15
 12635 | D:15     | Found Ceoluuf's Antique Weapon Shop.
 12807 | D:15     | Found a staircase to the Depths.
 12807 | D:15     | Noticed a stone giant
 12815 | D:15     | Killed a stone giant
 12816 | D:15     | Reached skill level 15 in Polearms
 13066 | D:12     | Killed a tengu reaver
 13070 | D:12     | Killed a stone giant
 13153 | Lair:1   | Entered Level 1 of the Lair of Beasts
 13731 | Lair:1   | Reached skill level 17 in Fighting
 14015 | Lair:2   | Found a hole to the Spider Nest.
 14043 | Lair:2   | Noticed Jeffwins's ghost (journeyman DrSh)
 14407 | Lair:2   | Found a transporter.
 14428 | Lair:2   | Found a transporter.
 14689 | Lair:3   | Reached ****** piety under Hepliaklqana
 14763 | Lair:3   | Found a staircase to the Swamp.
 16332 | Lair:5   | Entered Level 5 of the Lair of Beasts
 16336 | Lair:5   | Reached XP level 16. HP: 126/126 MP: 16/16
 16534 | Lair:5   | Found a staircase to the Slime Pits.
 16875 | Lair:5   | Reached skill level 15 in Shields
 16923 | Lair:5   | Reached skill level 18 in Fighting
 17004 | Lair:5   | Found the +7 captain's cutlass {speed, disarm}
 17028 | Lair:5   | Identified the +2 arbalest "Xulaa" {penet, rF+ Dex+3}
 18039 | Lair:2   | Killed Jeffwins's ghost
 18166 | Orc:1    | Entered Level 1 of the Orcish Mines
 18231 | Orc:1    | Found Nentasm's Assorted Antiques.
 18239 | Orc:1    | Bought 3 scrolls of identify for 156 gold pieces
 18508 | Orc:2    | Entered Level 2 of the Orcish Mines
 18551 | Orc:2    | Found Ymalonly's Jewellery Boutique.
 18743 | Orc:2    | Reached XP level 17. HP: 114/135 MP: 17/17
 18806 | Orc:2    | Found Onov's Antique Weapon Shop.
 18857 | Orc:2    | Found Ankayti's Antique Weapon Shop.
 18890 | Orc:2    | Found Ossiph's Antique Armour Boutique.
 19019 | Orc:2    | Bought a pair of runed gloves for 255 gold pieces
 19146 | Orc:2    | Found a staircase to the Elven Halls.
 19163 | Orc:2    | Found Taore's General Store.
 19194 | Orc:2    | Bought a scroll of identify for 32 gold pieces
 19558 | Swamp:1  | Entered Level 1 of the Swamp
 19781 | Swamp:1  | Identified the serpent talisman of Sorcery {*Corrode rC+
                  | Str+2 Int+2}
 19781 | Swamp:1  | Noticed Aizul
 19789 | Swamp:1  | Killed Aizul
 19940 | Swamp:1  | Reached skill level 19 in Fighting
 20103 | Swamp:2  | Noticed a thorn hunter
 20108 | Swamp:2  | Killed a thorn hunter
 20827 | Swamp:3  | Noticed a thorn hunter
 20834 | Swamp:3  | Killed a thorn hunter
 21402 | Swamp:3  | Found the +9 sword of Power {lifebolt}
 21784 | Swamp:4  | Entered Level 4 of the Swamp
 22047 | Swamp:4  | Reached XP level 18. HP: 46/145 MP: 18/18
 22267 | Swamp:4  | Reached skill level 20 in Fighting
 22443 | Swamp:4  | Got a decaying rune of Zot
 22644 | Swamp:4  | Identified a scroll of acquirement
 22859 | Spider:1 | Entered Level 1 of the Spider Nest
 24150 | Spider:2 | Found a transporter.
 24177 | Spider:2 | Learned a level 4 spell: Manifold Assault
 24297 | Spider:2 | Found a transporter.
 24561 | Spider:3 | Noticed Nikola
 24569 | Spider:3 | Killed Nikola
 24582 | Spider:3 | Reached skill level 1 in Spellcasting
 24649 | Spider:3 | Reached skill level 1 in Translocations
 25062 | Spider:3 | Identified the ring "Semp" {rPois MP+9 Str+3 Stlth+}
 25204 | Spider:4 | Entered Level 4 of the Spider Nest
 25238 | Spider:4 | Reached XP level 19. HP: 153/153 MP: 22/22
 25306 | Spider:4 | Noticed Arachne
 25314 | Spider:4 | Killed Arachne
 25334 | Spider:4 | Reached skill level 15 in Armour
 25550 | Spider:4 | Reached skill level 21 in Fighting
 26475 | Spider:4 | Got a gossamer rune of Zot
 26860 | Vaults:1 | Entered Level 1 of the Vaults
 27887 | Vaults:2 | Reached XP level 20. HP: 162/162 MP: 26/26
 28053 | Vaults:2 | Reached skill level 5 in Spellcasting
 28114 | Vaults:2 | Found a magical portal.
 28126 | WizLab   | Entered Eringya's Formal Garden
 28905 | WizLab   | Reached skill level 1 in Evocations
 28925 | WizLab   | Found a blossoming altar of Fedhas.
 29259 | Vaults:2 | Reached skill level 5 in Translocations
 29411 | Vaults:2 | Reached skill level 22 in Fighting
 29534 | Vaults:2 | Noticed Saint Roka
 29591 | Vaults:2 | Killed Saint Roka
 29867 | Vaults:2 | Reached XP level 21. HP: 170/170 MP: 29/29
 30183 | Vaults:2 | Found a staircase to the Crypt.
 32224 | Vaults:4 | Reached skill level 5 in Evocations
 32391 | Vaults:4 | Reached XP level 22. HP: 168/178 MP: 32/32
 32862 | Vaults:4 | Found Gutam's Book Emporium.
 33109 | Spider:2 | Identified the +0 pair of gloves of Elyvilon's Grace {-Tele
                  | Str-3 Dex+8 Stlth+}
 33305 | Spider:2 | Identified the ring "Vatostulo" {rC+ rN+ Slay+3}
 33461 | Spider:2 | Identified the +4 quarterstaff of Hubris {antimagic,
                  | Fragile rF++ rN+}
 33684 | Vaults:5 | Identified the "Cuis"
 33684 | Vaults:5 | Entered Level 5 of the Vaults
 33700 | Vaults:4 | HP: 8/178 [vault guard/+0 battleaxe (12)]
 33714 | Vaults:4 | Killed from afar by a tengu reaver

Illustrated notes

Levels and vault maps discovered:
D:1:      sevenhm_arrival_forest_fort_small_3, layout_basic, serial_shops,
          nicolae_shop_drivethru, chequers_serial_rivers_room_a
D:2:      minmay_angry_zag, layout_loops_ring, chequers_serial_rivers_small_a,
          kennysheep_generic_room_3, uniq_sigmund
D:3:      layout_basic, nicolae_qazlal_general_emergency,
          gammafunk_temple_overflow_forgotten, shapermc_ecumenical_altar_petra,
          uniq_ijyb, uniq_natasha
D:4:      layout_basic, minmay_temple_entry_ruins, uniq_eustachio
D:5:      black_bear_nest_1, layout_rooms, portal_sewer_entry_a
D:6:      layout_rooms, tso_oasis_becter, serial_glass, glass_columns_b,
          glass_columns_a, uniq_crazy_yiuf_cottage, uniq_duvessa
D:7:      layout_loops_cross, minmay_misc_feat_room, minmay_manual_moon,
          uniq_pikel
D:8:      layout_loops_corners, nzn_ghost_randoct, kennysheep_small_square
D:9:      layout_cave_pools, mainiacjoe_overflow_catwalk, orc_0_dummy,
          dilly_guarded_unrand_morg, uniq_maggie
D:10:     layout_loops_ring, palyth_temple_overflow_mages,
          grunt_lair_entry_orc_guard_hut, nicolae_figureground_pulse
D:11:     layout_rooms, nicolae_uskayaw_en_pointe, uniq_snorg, uniq_maurice
D:12:     layout_irregular_city, small_statue_alley_a, kennysheep_treasure_room,
          uniq_frances
D:13:     layout_basic, david_vaults_3, grunt_livestock, uniq_kirke
D:14:     layout_cave_pools, serial_shops, kennysheep_mini,
          corexii_leaking_fountain, gauntlet_entry_generic,
          hangedman_decor_riveting, uniq_jorgrun, uniq_josephine
D:15:     grunt_enter_depths_snipers, layout_rooms, serial_shops,
          nicolae_shop_overgrown_old_shop, minmay_misc_feat_secret_circle
Temple:   nicolae_temple_ecumenical_triangle
Lair:1:   layout_roguey [special_room_bee]
Lair:2:   layout_gridlike, nicolae_spider_entry_tight_spaces,
          gammafunk_ghost_berserking_beasts, infiniplex_staircase_pool_2,
          serial_bayou_shore_b
Lair:3:   layout_regular_city, minmay_swamp_entry_swarm, nicolae_lair_lil_pond,
          grunt_megastairs_1, serial_bayou_shore_b
Lair:4:   layout_layer_cave
Lair:5:   gammafunk_lair_ancient_temple, layout_regular_city,
          minmay_slime_entry_pillars
Swamp:1:  layout_falls_marsh, serial_swamp_ruin, evilmike_swamp_ruin_house_3,
          evilmike_swamp_ruin_rubble_2, evilmike_swamp_ruin_house_5, uniq_aizul
Swamp:2:  layout_basic_swamp, evilmike_swamp_ruin_house_2, swamp_pool_1_2
Swamp:3:  layout_basic_swamp, nicolae_swamp_little_swirl, swamp_pool_1_2,
          hangedman_swamp_dais, nicolae_swamp_tree_isthmus
Swamp:4:  swamp_alternative, layout_basic_swamp, swamp_pool_4,
          infiniplex_staircase_pool
Spider:1: layout_spider_delve
Spider:2: gammafunk_sealed_arena
Spider:3: layout_spider_delve, uniq_nikola
Spider:4: johnstein_spider_rune_arachne_lair, uniq_arachne
Orc:1:    layout_diamond_mine, serial_shops, shop, nicolae_orc_sculptors_studio
Orc:2:    grunt_orc_gardens, layout_caves, grunt_orc_garden, grunt_orc_garden,
          grunt_orc_garden, grunt_orc_garden, serial_shops,
          nicolae_shop_overgrown_old_shop
Vaults:1: nicolae_vaults_trapezoid_lopsided_3, nicolae_vaults_little_squares_3,
          nicolae_vaults_door_testing_chamber, nicolae_vaults_trapezoid_1,
          nicolae_vaults_little_squares_1, v_misc_18, nicolae_vaults_house_3,
          ontoclasm_vaults_decontamination, v_misc_9,
          nicolae_vaults_specimen_jars, nicolae_vaults_diamond_2,
          vaults_dpeg_diagonal, vaults_room_corners,
          vaults_mumra_minichess_inversion, layout_vaults_omnicross
Vaults:2: infiniplex_enter_wizlab_water, nicolae_vaults_storage_closets_3,
          nicolae_vaults_murderbox, nicolae_vaults_steering_wheel, v_misc_29,
          vaults_mumra_hexcomb, nicolae_vaults_closet_pinwheel_4,
          nicolae_vaults_cornered_office, minmay_crypt_entry_simple_box,
          vaults_room_door_ring, layout_vaults_omnigrid, uniq_saint_roka
Vaults:3: vaults_room_pool, v_pattern_2, v_misc_33,
          nicolae_vaults_closet_pinwheel_2, vaults_mumra_chevron,
          vaults_mumra_hex, v_misc_18, nicolae_vaults_trapezoid_lopsided_1,
          hangedman_vaults_nails, nicolae_vaults_double_plus_1, v_misc_19,
          nicolae_vaults_asterisk, nicolae_vaults_tetromino_L_1,
          nicolae_vaults_trapezoid_lopsided_3, vaults_dpeg_emergency_exit,
          layout_vaults_chaotic_city
Vaults:4: v_misc_9, v_misc_26, v_misc_2, grunt_vaults_funnel,
          nicolae_vaults_little_squares_6, nicolae_vaults_cochlea,
          nicolae_vaults_tangram_2, grunt_vaults_swirl,
          nicolae_vaults_closet_pinwheel_2, ontoclasm_vaults_claustrophobia,
          nicolae_vaults_diagonal_hallway_6, layout_vaults_maze, serial_shops,
          nicolae_shop_gibbet_a_chance
Vaults:5: serial_shops

Skill      XL: |  1  2  3  4  5  6  7  8  9 10 11 12 13 14 15 16 17 18 19 20 21 |
---------------+----------------------------------------------------------------+-----
Fighting       | 4 5 6 7 9 10 12 13 14 16 17 18 19 20 21 22 | 22.9
Polearms       | 3 4 5 6 8 9 10 12 13 14 16 17 18 19 20 21 | 21.2
Armour         | 4 5 6 7 8 9 10 11 12 13 14 15 16 | 16.7
Shields        | 5 6 8 9 10 11 12 13 14 15 16 17 18 19 | 19.3
Spellcasting   | 2 4 5 7 |  7.3
Translocations | 1 3 5 6 |  6.6
Evocations     | 2 5 |  5.5

Action                     |  1- 3 |  4- 6 |  7- 9 | 10-12 | 13-15 | 16-18 | 19-21 | 22-24 || total
---------------------------+-------+-------+-------+-------+-------+-------+-------+-------++-------
  Melee: Trident           |    77 |   121 |   366 |   549 |   449 |       |       |       ||  1562
         Glaive            |       |       |       |       |   403 |   850 |   828 |    87 ||  2168
 Invoke: Ancestor Life: He |       |       |     1 |       |       |       |       |       ||     1
         Recall Ancestor   |       |       |       |     2 |     2 |       |     2 |       ||     6
         Transference      |       |       |       |       |     1 |       |       |       ||     1
         Idealise          |       |       |       |       |     1 |       |       |       ||     1
Ability: Dig               |     1 |       |       |       |       |       |     1 |       ||     2
  Evoke: Wand              |       |       |       |     8 |     3 |       |     1 |       ||    12
         Tin of tremorston |       |       |       |       |       |     2 |       |     1 ||     3
    Use: Potion            |       |       |     1 |       |       |     7 |     1 |     5 ||    14
         Scroll            |       |       |       |    12 |    11 |     9 |       |     2 ||    34
   Stab: Distracted        |       |       |     2 |    10 |     6 |     5 |    10 |     1 ||    34
         Confused          |       |       |       |     8 |    10 |    13 |    30 |     3 ||    64
         Invisible         |       |       |       |     2 |       |       |       |       ||     2
         Paralysed         |       |       |       |       |    19 |    60 |    47 |     1 ||   127
 Armour: Scale mail        |    30 |    13 |       |       |       |       |       |       ||    43
         Ring mail         |       |    29 |   125 |   181 |   231 |       |       |       ||   566
         Fire dragon scale |       |       |       |       |    67 |       |       |       ||    67
         Crystal plate arm |       |       |       |       |    16 |   616 |   343 |   227 ||  1202
  Dodge: Dodged            |    19 |    44 |   156 |   188 |   210 |   127 |    70 |    45 ||   859
  Block: Buckler           |    10 |    29 |   114 |   206 |   149 |       |       |       ||   508
         Reflection        |       |       |     1 |    22 |    13 |    13 |    32 |       ||    81
         Tower shield      |       |       |       |       |   310 |   779 |   455 |   156 ||  1700

Table legend: (Time is in decaauts)
 A = Elapsed time spent in this place.
 B = Non-inter-level travel time spent in this place.
 C = Inter-level travel time spent in this place.
 D = Time resting spent in this place.
 E = Time spent auto-exploring this place.
 F = Levels seen in this place.
 G = Mean time per level.
                   A        B        C        D        E       F      G
               +--------+--------+--------+--------+--------+-----+--------+
         Total |  33287 |  30956 |   2331 |   2019 |  21577 |  39 |  853.5 |
       Dungeon |  12367 |  11465 |    902 |    430 |   8102 |  15 |  824.5 |
        Temple |     12 |     12 |      0 |      0 |      0 |   1 |   12.0 |
          Lair |   5833 |   5182 |    651 |    786 |   3290 |   5 | 1166.6 |
         Swamp |   3215 |   3086 |    129 |     12 |   2530 |   4 |  803.8 |
   Spider Nest |   3741 |   3546 |    195 |    191 |   2506 |   4 |  935.2 |
  Orcish Mines |   1279 |   1165 |    114 |      0 |    973 |   2 |  639.5 |
        Vaults |   5035 |   4696 |    339 |     61 |   3550 |   5 | 1007.0 |
         Sewer |     97 |     97 |      0 |      0 |     34 |   1 |   97.0 |
        Wizlab |   1034 |   1034 |      0 |    315 |    458 |   1 | 1034.0 |
      Gauntlet |    669 |    669 |      0 |    224 |    134 |   1 |  669.0 |
               +--------+--------+--------+--------+--------+-----+--------+

Top non-repeatable levels by time:
  Lair:2: 1876 daAuts
Vaults:3: 1492 daAuts
Spider:4: 1481 daAuts
Vaults:2: 1419 daAuts
     D:8: 1291 daAuts
  Lair:5: 1268 daAuts
    D:10: 1165 daAuts
    D:12: 1137 daAuts
Vaults:4: 1116 daAuts
 Swamp:3: 1070 daAuts
  WizLab: 1034 daAuts
    D:13: 999 daAuts
Vaults:1: 998 daAuts
  Lair:3: 971 daAuts
 Swamp:4: 956 daAuts
